 Dungeon Crawl Stone Soup version 0.21.1-1-g345015f (webtiles) character file.

11027 inc the Geomancer (level 11, -2/74 HPs)
             Began as an Octopode Earth Elementalist on June 11, 2018.
             Was an Initiate of Gozag.
             Slain by a blink frog (15 damage)
             ... on level 2 of the Lair of Beasts.
             The game lasted 00:34:25 (12191 turns).

inc the Geomancer (Octopode Earth Elementalist)    Turns: 12191, Time: 00:34:27

Health: -2/74      AC:  1    Str:  7    XL:     11   Next: 71%
Magic:  8/23       EV: 18    Int: 20    God:    Gozag
Gold:   939        SH:  5    Dex: 14    Spells: 15/27 levels left

rFire    . . .     SeeInvis .   D - +2 hand axe (flame)
rCold    . . .     Gourm    +   r - +0 buckler
rNeg     . . .     Faith    .   q - +0 hat
rPois    +         Spirit   .   h - amulet of the gourmand
rElec    .         Reflect  .   u - ring of poison resistance
rCorr    .         Harm     .   (no ring)
MR       .....                  (no ring)
Stlth    +++.......             (no ring)
HPRegen  0.22/turn              (no ring)
MPRegen  0.18/turn              (no ring)
                                (no ring)
                                (no ring)

@: gold aura, berserk cooldown, hasted and slowed
A: almost no armour, stealthy swim, amphibious, 8 rings, constrict 8, camouflage
1, gelatinous body 1
a: Potion Petition, Call Merchant, Bribe Branch, Renounce Religion


You were on level 2 of the Lair of Beasts.
You worshipped Gozag.
Gozag was pleased with you.
You were not hungry.

You visited 3 branches of the dungeon, and saw 13 of its levels.
You also visited: Sewer and Ossuary.

You collected 2354 gold pieces.
You spent 75 gold pieces at shops.
You paid 1340 gold pieces to Gozag.

Inventory:

Hand Weapons
 e - a +0 whip
 D - a +2 hand axe of flaming (weapon)
Missiles
 l - 23 stones (quivered)
Armour
 q - a +0 hat (worn)
 r - a +0 buckler (worn)
Magical Staves
 L - an uncursed staff of cold
Jewellery
 h - an amulet of the gourmand (around mantle)
 u - a ring of poison resistance (left tentacle)
 H - an uncursed ring of stealth {unknown}
 K - an uncursed ring of magical power {unknown}
Wands
 y - a wand of random effects (26)
 C - a wand of flame (18)
Scrolls
 a - 3 scrolls of teleportation
 b - 4 scrolls of fog
 i - a scroll of immolation
 n - 6 scrolls of remove curse
 o - 2 scrolls of fear
 s - 3 scrolls of noise
 t - 3 scrolls of blinking
 B - a scroll of random uselessness
 F - a scroll of identify
 G - a scroll of silence
 I - a scroll of summoning {unknown}
 J - a scroll of amnesia
Potions
 f - 6 potions of curing
 g - a potion of lignification
 j - a potion of mutation
 k - 2 potions of agility
 p - 4 potions of flight
 v - 3 potions of magic
 w - 3 potions of brilliance
 A - 2 potions of might
 E - 2 potions of haste
Books
 d - a book of Geomancy

   Spells                             Type                      Level
   a - Sandblast                      Earth                        1
   b - Passwall                       Transmutation/Earth          2
   c - Stone Arrow                    Conjuration/Earth            3
   d - Petrify                        Transmutation/Earth          4
   e - Lee's Rapid Deconstruction     Earth                        5
 x - a book of Necromancy

   Spells                             Type                      Level
   a - Pain                           Necromancy                   1
   b - Animate Skeleton               Necromancy                   1
   c - Vampiric Draining              Necromancy                   3
   d - Regeneration                   Charms/Necromancy            3
   e - Animate Dead                   Necromancy                   4
   f - Borgnjor's Vile Clutch         Necromancy/Earth             5
 z - a book of Party Tricks

   Spells                             Type                      Level
   a - Summon Butterflies             Summoning                    1
   b - Apportation                    Translocation                1
   c - Lesser Beckoning               Translocation                3
   d - Tukima's Dance                 Hexes                        3
   e - Alistair's Intoxication        Transmutation/Poison         5
   f - Invisibility                   Hexes                        6
Comestibles
 c - 8 rations


   Skills:
 + Level 6.6 Fighting
 - Level 8.3 Dodging
 - Level 2.6 Stealth
 - Level 6.3 Shields
 - Level 8.6 Spellcasting
 - Level 1.0 Transmutations
 - Level 10.4 Earth Magic


You had 15 spell levels left.
You knew the following spells:

 Your Spells              Type           Power        Failure   Level  Hunger
a - Sandblast             Erth           ######       1%          1    None
b - Passwall              Tmut/Erth      ####......   1%          2    None
c - Stone Arrow           Conj/Erth      ####..       2%          3    None
d - Lee's Rapid Deconstr  Erth           ######....   3%          5    #####..
e - Summon Butterflies    Summ           #.......     8%          1    None


Dungeon Overview and Level Annotations

Branches:
Dungeon (10/15)            Temple (1/1) D:4            Lair (2/6) D:8
  Swamp: Lair:2-4    Shoals: Lair:2-4     Snake: Lair:2-4    Spider: Lair:2-4
    Orc: D:9-12

Altars:
Ashenzari
Cheibriados
Dithmenos
Elyvilon
Fedhas
Gozag
Hepliaklqana
Kikubaaqudgha
Makhleb
Nemelex Xobeh
Okawaru
Qazlal
Ru
Sif Muna
Trog
Uskayaw
Vehumet
Wu Jian
Xom
Yredelemnul
Zin
The Shining One

Shops:
D:4 :   D:8 [*?[!   D:9 %:

Annotations:
D:3 kae's ghost, amateur HOFi
D:6 1 runed door


Innate Abilities, Weirdness & Mutations

You cannot wear most types of armour.
You are very stealthy in the water. (Stealth+)
You are amphibious.
You can wear up to eight rings at the same time.
You can use your tentacles to constrict eight enemies at once.
Your skin changes colour to match your surroundings (Stealth+).
Your rubbery body absorbs attacks. (AC +1, EV +1)


Message History

You hit the blink frog. You burn the blink frog.
Your grab misses the blink frog.
The blink frog is moderately wounded.
The blink frog misses you.
The blink frog is distracted by the nearby gold.
The blink frog croaks.
You slash the blink frog! You burn the blink frog.
Your grab misses the blink frog.
You kill the blink frog!
You hear a shout!
The crocodile is distracted by the nearby gold.
You feel a strong urge to attack something.
A naga comes into view. It is wielding a halberd.
You are no longer berserk.
You are exhausted.
You feel yourself slow down.
The blink frog is no longer distracted by gold.
The blink frog hits you!
You die...
Your body crumbles into a pile of gold.

.........# #........
≈≈≈.....N.
#.......####≈≈≈...≈.≈≈
#............≈≈≈..≈≈≈≈
#.............≈t≈≈≈≈≈.
##..............≈≈≈≈≈..
#P..F............≈.....
$
##.....................
#.........F@..$.......
##..............$......
#P.........$...$.......
###P###P##.###..#####%#
$ ### ###### ####


You could see a blink frog and a crocodile.

Vanquished Creatures
  2 two-headed ogres (D:8)
  2 spiny frogs
  A komodo dragon (Lair:1)
  7 blink frogs (Lair:2)
  Prince Ribbit (D:9)
  A hippogriff (Lair:1)
  2 basilisks (Lair:1)
  10 yaks
  Menkaure (D:7)
  7 water moccasins
  6 porcupines
  2 ice beasts
  2 orc warriors (D:9)
  A black bear (D:8)
  5 ogres
  A necrophage (D:6)
  3 centaurs
  2 crocodiles (Lair:2)
  2 elf zombies (Ossuary)
  3 big kobolds
  2 bullfrogs (D:8)
  A gnoll sergeant (D:8)
  6 scorpions
  A killer bee (D:9)
  2 howler monkeys (D:7)
  5 crimson imps
  2 centaur zombies
  4 orc priests
  2 jellies
  2 bullfrog zombies
  A centaur skeleton (D:9)
  6 hounds
  10 orc wizards
  Jessica (D:2)
  4 iguanas
  7 worker ants
  A hound zombie (D:7)
  2 mummies (Ossuary)
  A worker ant zombie (D:8)
  8 gnolls
  12 river rats (D:5)
  12 adders
  2 shadow imps (D:8)
  3 oozes
  An adder zombie (D:5)
  An adder skeleton (D:5)
  A worm (D:2)
  4 dart slugs
  12 leopard geckos
  25 orcs
  3 ball pythons
  5 giant cockroaches
  7 hobgoblins
  9 jackals
  4 quokkas
  8 bats
  3 frilled lizards
  7 goblins
  3 goblin zombies (Ossuary)
  8 hobgoblin zombies (Ossuary)
  A jackal zombie (Ossuary)
  22 kobolds
  A kobold skeleton (D:6)
  16 kobold zombies (Ossuary)
  A leopard gecko skeleton (D:5)
  5 orc zombies (Ossuary)
  A quokka skeleton (D:6)
  A quokka zombie (D:8)
  25 rats
  A rat zombie (Ossuary)
  A butterfly (D:4)
334 creatures vanquished.

Vanquished Creatures (others)
  6 fungi (D:8)
  2 plants
8 creatures vanquished.

Grand Total: 342 creatures vanquished

Notes
Turn   | Place    | Note
-------+----------+-------------------------------------------
     0 | D:1      | inc the Octopode Earth Elementalist began the quest for the Orb.
     0 | D:1      | Reached XP level 1. HP: 11/11 MP: 3/3
   120 | D:1      | Reached XP level 2. HP: 17/17 MP: 3/5
   321 | D:1      | Reached skill level 4 in Earth Magic
   359 | D:1      | Reached XP level 3. HP: 20/21 MP: 3/6
   642 | D:3      | You fall through a shaft!
   649 | D:4      | Noticed a phantom
   655 | D:4      | Reached skill level 1 in Fighting
   663 | D:4      | Reached XP level 4. HP: 18/29 MP: 0/7
   725 | D:4      | Found a staircase to the Ecumenical Temple.
   746 | Temple   | Entered the Ecumenical Temple
   884 | D:4      | Found a sacrificial altar of Ru.
   983 | D:4      | Reached XP level 5. HP: 31/36 MP: 3/8
  1093 | D:4      | Found a sand-covered staircase.
  1198 | Ossuary  | Entered an ossuary
  1585 | Ossuary  | Reached XP level 6. HP: 14/42 MP: 9/11
  1626 | Ossuary  | Learned a level 2 spell: Passwall
  1630 | Ossuary  | Learned a level 3 spell: Stone Arrow
  2313 | Temple   | Became a worshipper of Gozag Ym Sagoz the Greedy
  2565 | D:3      | Noticed kae's ghost (amateur HOFi)
  2826 | D:2      | Found a basalt altar of Yredelemnul.
  2834 | D:2      | Found a shimmering altar of Xom.
  2866 | D:2      | Noticed Jessica
  2870 | D:2      | Killed Jessica
  2870 | D:2      | Reached XP level 7. HP: 46/46 MP: 11/14
  2900 | D:2      | Reached skill level 5 in Spellcasting
  3602 | D:4      | Found Tuapp's Book Shop.
  3980 | D:5      | Entered Level 5 of the Dungeon
  4182 | D:5      | Reached skill level 5 in Earth Magic
  4228 | D:5      | Reached XP level 8. HP: 53/53 MP: 13/17
  4359 | D:5      | Reached skill level 6 in Earth Magic
  4433 | D:5      | Found a snail-covered altar of Cheibriados.
  4772 | D:6      | Found a glowing drain.
  4823 | D:6      | Found a sparkling altar of Nemelex Xobeh.
  4825 | D:6      | Found a radiant altar of Vehumet.
  4881 | Sewer    | Entered a sewer
  4901 | Sewer    | Reached skill level 7 in Earth Magic
  5409 | D:6      | Found an iron altar of Okawaru.
  5415 | D:6      | Reached skill level 8 in Earth Magic
  5481 | D:6      | Found a hazy altar of Hepliaklqana.
  5566 | D:6      | Found a runed door.
  5577 | D:6      | Found a basalt altar of Yredelemnul.
  5679 | D:7      | Found a deep blue altar of Sif Muna.
  5866 | D:7      | Reached XP level 9. HP: 56/57 MP: 8/18
  5995 | D:7      | Reached skill level 9 in Earth Magic
  6058 | D:7      | Noticed Menkaure
  6065 | D:7      | Killed Menkaure
  6160 | D:7      | Reached skill level 10 in Earth Magic
  6861 | D:8      | Found Uratiachag's Assorted Antiques.
  6899 | D:8      | Reached skill level 1 in Shields
  6907 | D:8      | Found a staircase to the Lair.
  6960 | D:8      | Noticed a two-headed ogre
  6972 | D:8      | Killed a two-headed ogre
  6972 | D:8      | Reached XP level 10. HP: 57/63 MP: 4/21
  7112 | D:8      | Found Giet's Magic Scroll Boutique.
  7471 | D:6      | Reached skill level 5 in Shields
  8491 | D:8      | Found Vuit's Distillery.
  8499 | D:8      | Bought a potion of heal wounds for 75 gold pieces
  8543 | D:8      | Found Tuesavvi's Armour Shop.
  8595 | D:8      | Found a deep blue altar of Sif Muna.
  8615 | D:8      | HP: 3/63 [something (8)]
  8950 | D:8      | Found a burning altar of Makhleb.
  8981 | D:8      | Found a white marble altar of Elyvilon.
  9011 | D:8      | Found Apeptodgh's Armour Emporium.
  9218 | D:8      | Learned a level 5 spell: Lee's Rapid Deconstruction
  9220 | D:8      | Learned a level 1 spell: Summon Butterflies
  9264 | D:8      | Noticed a two-headed ogre
  9271 | D:8      | Killed a two-headed ogre
  9451 | D:9      | Noticed Prince Ribbit
  9455 | D:9      | Killed Prince Ribbit
  9458 | D:9      | Found a blossoming altar of Fedhas.
 10359 | D:10     | Entered Level 10 of the Dungeon
 10419 | Lair:1   | Entered Level 1 of the Lair of Beasts
 10427 | Lair:1   | Noticed a spiny frog
 10438 | Lair:1   | Killed a spiny frog
 10438 | Lair:1   | Reached skill level 5 in Dodging
 10517 | Lair:1   | Reached XP level 11. HP: 61/67 MP: 7/23
 11024 | Lair:1   | You fall through a shaft!
 11773 | Lair:1   | Reached skill level 5 in Fighting
 12191 | Lair:2   | Slain by a blink frog

Skill      XL: |  1  2  3  4  5  6  7  8  9 10 11 |
---------------+----------------------------------+-----
Earth Magic    | 4 5 8 10 | 10.4
Fighting       | 2 3 6 |  6.6
Spellcasting   | 3 4 6 7 8 |  8.6
Shields        | 4 6 |  6.3
Dodging        | 5 8 |  8.3
Stealth        | |  2.6
Transmutations | |  1.0

Action                   |  1- 3 |  4- 6 |  7- 9 | 10-12 || total
-------------------------+-------+-------+-------+-------++-------
Melee: Unarmed           |     4 |       |       |       ||     4
       Whip              |     6 |   173 |    91 |       ||   270
       Tentacles         |     4 |    26 |    18 |    22 ||    70
       Constrict         |     2 |    40 |    25 |    31 ||    98
       Hand axe          |       |       |     6 |   156 ||   162
 Cast: Sandblast         |    33 |    21 |   191 |    99 ||   344
       Stone Arrow       |       |     8 |     3 |    76 ||    87
       Passwall          |       |       |       |     1 ||     1
Invok: Call Merchant     |       |       |       |     2 ||     2
       Potion Petition   |       |       |       |     1 ||     1
  Use: Scroll            |     1 |     1 |    12 |     6 ||    20
       Potion            |       |     3 |     2 |     6 ||    11
 Stab: Sleeping          |     1 |     5 |     8 |     8 ||    22
       Distracted        |       |       |       |     2 ||     2
  Eat: Chunk             |     2 |       |       |       ||     2
       Ration            |       |     2 |     4 |     5 ||    11
Armor: Skin              |     2 |    68 |     7 |    18 ||    95
Dodge: Dodged            |    12 |   106 |   124 |   135 ||   377
Block: Buckler           |       |       |       |    52 ||    52
